 Dungeon Crawl Stone Soup version 0.31.0-11-ge490571c62 (console) character file.

Game seed: 13241265963268143538

269 zenocrate the Sneak (level 6, 0/33 HPs)
             Began as a Vine Stalker Delver on Feb 1, 2024.
             Slain by Edmund
             ... wielding a +2 dire flail of protection
              (14 damage)
             ... on level 4 of the Dungeon.
             The game lasted 00:01:10 (423 turns).

zenocrate the Sneak (Vine Stalker Delver)            Turns: 423, Time: 00:01:10

Health: 0/33       AC:  3    Str: 15    XL:     6   Next: 22%
Magic:  0/7        EV: 12    Int: 10    God:
Gold:   67         SH:  0    Dex: 17    Spells: 5/5 levels left

rFire   . . .        a - +0 short sword
rCold   . . .        (no shield)
rNeg    . . .        b - +0 leather armour
rPois   .            (no helmet)
rElec   .            (no cloak)
rCorr   .            (no gloves)
SInv    .            (no boots)
Will    .....        (no amulet)
Stlth   ++++         (no ring)
HPRegen 1.05/turn    (no ring)
MPRegen 0.10/turn

%: guardian spirit
@: hasted, very quick
A: fangs 2, regeneration 1, magic shield, antimagic bite, no potion heal 2
a: no special abilities


You were on level 4 of the Dungeon.
You visited 1 branch of the dungeon, and saw 2 of its levels.

You collected 67 gold pieces.

Inventory:

Hand Weapons
 a - a +0 short sword (weapon)
Armour
 b - a +0 leather armour (worn)
Wands
 g - a wand of digging (3)
Scrolls
 c - a scroll of fog
 d - a scroll of revelation
 e - a scroll of fear
 h - a scroll of acquirement {unknown}
 i - a scroll of amnesia {unknown}
 j - a scroll of immolation {unknown}
 l - 2 scrolls of torment {unknown}
Potions
 f - a potion of haste
 k - a potion of resistance {unknown}


   Skills:
 + Level 3.8 Fighting
 + Level 3.7 Short Blades
 - Level 1.5 Dodging
 + Level 7.7 Stealth


You had 5 spell levels left.
You didn't know any spells.
Your spell library was empty.

Dungeon Overview and Level Annotations

Branches:
Dungeon (5/15)             Temple (0/1) D:4

Altars:

Annotations:
D:4 Edmund


Innate Abilities, Weirdness & Mutations

You have extremely sharp teeth.
Your natural rate of healing is unusually fast.
When hurt, damage is shared between your health and your magic reserves.
Your bite disrupts and absorbs the magic of your enemies.
Potions cannot restore your health.


Message History

You kill the ball python!
No target in view!
There is an open door here.
There is a shaft here.
There is a shaft here.
Found a ring mail.
No target in view!
A scorpion comes into view.
The helpless scorpion fails to defend itself.
You impale the scorpion!!
You kill the scorpion!
You have reached level 6!
You see here a scorpion corpse.
You open the door.
Edmund the Younger comes into view.
He is wielding a +2 dire flail of protection.
Found a yellow potion.
Found a staircase to the Ecumenical Temple.
Edmund shouts!
There is an open door here.
Edmund is nearby!
You hit Edmund but do no damage. Your bite misses Edmund.
Edmund hits you with a +2 dire flail of protection.
You closely miss Edmund. You punch Edmund, but do no damage.
Your bite misses Edmund. Edmund barely misses you.
You hit Edmund.
Edmund is lightly wounded.
Edmund hits you with a +2 dire flail of protection!
You hit Edmund. You bite Edmund, but do no damage.
Edmund is lightly wounded.
Edmund hits you with a +2 dire flail of protection!
You feel yourself speed up.
Edmund asks, "Have you met my wondrous brother?"
Edmund hits you with a +2 dire flail of protection!
You closely miss Edmund.
Edmund is lightly wounded.
You closely miss Edmund.
Edmund is lightly wounded.
Edmund grinds his teeth, and then sighs.
Edmund hits you with a +2 dire flail of protection!
You die...
Edmund whines, "They better pay attention to me now!"

.....##....######.#####...#+###
.....####...#.^............)..###
..........#.#.###'#####.#.....#..
....#######.#.##....# #.#........
##### #.#.#####.###.#........
#.###PPP###............
#.##P.!.P##...#.##.>...
#.##P.>.P#......###.###
#########.##P...P##...#####.#
#.........###P@P# #.........#
#.#...#####.##@# #...#######
#.#.#.# #....# ###.# ###.#.#[#
#.#### #.# ....#.#.# #.# #.#
#####.#.# #.# #.######### # #.#.#
#.# #.......... # #.#.# #.#
########### # #.#.#####.# #
#.........# # ###.#######
#######.#


You could see Edmund.

Vanquished Creatures
  A bullfrog (D:4)
  A scorpion (D:4)
  A hound (D:4)
  2 orc priests (D:4)
  An iguana (D:4)
  An orc wizard (D:4)
  A white imp (D:5)
  An orc (D:4)
  A ball python (D:4)
  A hobgoblin (D:4)
11 creatures vanquished.

Notes
Turn   | Place    | Note
-------+----------+-------------------------------------------
     0 | D:5      | zenocrate the Vine Stalker Delver began the quest for the
                  | Orb.
     0 | D:5      | Reached XP level 1. HP: 11/11 MP: 2/2
    42 | D:5      | Reached XP level 2. HP: 16/16 MP: 3/3
    90 | D:4      | Reached XP level 3. HP: 19/19 MP: 4/4
   105 | D:4      | Noticed a bullfrog
   116 | D:4      | Killed a bullfrog
   117 | D:4      | Reached skill level 7 in Stealth
   117 | D:4      | Reached XP level 4. HP: 3/24 MP: 1/5
   267 | D:4      | Reached XP level 5. HP: 14/28 MP: 4/6
   390 | D:4      | Reached XP level 6. HP: 33/33 MP: 7/7
   415 | D:4      | Found a staircase to the Ecumenical Temple.
   415 | D:4      | Noticed Edmund
   423 | D:4      | Slain by Edmund

Illustrated notes

Levels and vault maps discovered:
D:4:      layout_basic, minmay_temple_entry_enclosed_plants, uniq_edmund,
          uniq_crazy_yiuf_cottage, uniq_duvessa
D:5:      layout_loops_corners, lemuel_round_altar, grunt_temple_overflow_open,
          okawaru_ov_weapons_minmay, enter_ossuary_3

Skill      XL: |  1  2  3 |
---------------+----------+-----
Short Blades   | 2 3 |  3.7
Fighting       | 3 |  3.8
Stealth        | 7 |  7.7
Dodging        | |  1.5

Action                     |  1- 3 |  4- 6 || total
---------------------------+-------+-------++-------
  Melee: Short sword       |    14 |    27 ||    41
         Bite              |     5 |     3 ||     8
         Punch             |       |     1 ||     1
    Use: Potion            |       |     1 ||     1
   Stab: Sleeping          |     1 |     7 ||     8
 Armour: Leather armour    |     6 |    19 ||    25
  Dodge: Dodged            |     6 |     4 ||    10
